 Dungeon Crawl Stone Soup version 0.18.1-48-g4cf74bf (webtiles) character file.

439 luca467 the Skirmisher (level 6, -1/51 HPs)
             Began as a Demonspawn Gladiator on Sept 12, 2016.
             Slain by a mummy (18 damage)
             ... in an ossuary.
             The game lasted 00:12:42 (3782 turns).

luca467 the Skirmisher (Demonspawn Gladiator)       Turns: 3782, Time: 00:12:42

Health: -1/51      AC:  4    Str: 15    XL:     6   Next: 70%
Magic:  6/6        EV: 12    Int: 13    God:
Gold:   191        SH:  0    Dex: 15    Spells: 0 memorised, 5 levels left

rFire  . . .     SeeInvis .     a - +1 long sword
rCold  . . .     Gourm    .     b - +0 leather armour
rNeg   . . .     Faith    .     (no shield)
rPois  .         Spirit   .     (helmet restricted)
rElec  .         Dismiss  .     s - +0 cloak
rCorr  .         Reflect  .     (no gloves)
SustAt .         Harm     .     (no boots)
MR     .....                    (no amulet)
Stlth  ++........               (no ring)
                                v - +3 ring of intelligence

@: not resistant to hostile enchantments, unstealthy
A: antennae 1, spiny 1
a: no special abilities


You were in an ossuary.
You were not hungry.

You visited 1 branch of the dungeon, and saw 4 of its levels.
You also visited: Ossuary.

You collected 191 gold pieces.

Inventory:

Hand Weapons
 a - a +1 long sword (weapon)
Missiles
 d - 3 throwing nets (quivered)
 t - 11 tomahawks
Armour
 b - a +0 leather armour (worn)
 s - a +0 cloak (worn)
Jewellery
 v - a +3 ring of intelligence (left hand)
Wands
 i - a wand of flame (15/48)
Scrolls
 c - a scroll of remove curse
 g - 4 scrolls of teleportation
 j - a scroll of fear {unknown}
 r - 3 scrolls of blinking
Potions
 e - a potion of ambrosia {unknown}
 h - 3 potions of curing
 l - a potion of agility {unknown}
 m - a potion of cure mutation {unknown}
 o - a potion of might {unknown}
 p - a potion of heal wounds {unknown}
Comestibles
 f - 2 bread rations
 n - a royal jelly
 q - a meat ration


   Skills:
 * Level 5.1 Fighting
 * Level 5.0 Long Blades
 - Level 1.7 Throwing
 - Level 2.6 Dodging
 + Level 1.8 Stealth


You had 5 spell levels left.
You didn't know any spells.

Dungeon Overview and Level Annotations

Branches:
Dungeon (4/15)
 Temple: D:4-7

Altars:
Elyvilon
Qazlal
Zin
The Shining One


Innate Abilities, Weirdness & Mutations

You have a pair of small antennae on your head.
You are partially covered in sharp spines.


Message History

You hit the mummy.
The mummy is moderately damaged.
The mummy barely misses you. The mummy is struck by your spines.
The mummy closely misses you.
You barely miss the mummy.
The mummy is severely damaged.
The mummy misses you.
You slash the mummy!
You destroy the mummy!
The mummy hits you!
You hit the mummy but do no damage. You slash the mummy!
The mummy is heavily damaged.
The mummy hits you!
There is an open door here.
You barely miss the mummy.
The mummy is heavily damaged.
The mummy barely misses you. The mummy is struck by your spines.
The mummy hits you!!
You die...

.. #....#..
#.'..# ..
#....#... ###..#
..
#....#....#.#..#
..
#....#....#.#..#
##
############.'..#
..... #....###..#
......#....#.#..#
!?!...'....#M#..#
?$?!..#...MMM@..#
$∩$?. ########..#


!$?! #....'.#..# !!? #....#.#..# .. #....#.'..# . #....###..#
###############.#..# ....#....#....#.#..# ....#....#....'.'..# You could see 4
mummies.

Vanquished Creatures
  2 centaur zombies (Ossuary)
  2 orc priests (D:3)
  A worker ant (D:4)
  A big kobold zombie (Ossuary)
  3 ogre zombies (Ossuary)
  3 mummies (Ossuary)
  Robin (D:2)
  3 adders (D:3)
  3 oozes
  4 adder zombies (Ossuary)
  A worm (D:3)
  2 dart slugs (D:1)
  2 giant geckos
  9 orcs
  2 giant cockroaches (D:3)
  A gnoll zombie (Ossuary)
  15 goblins
  8 hobgoblins
  5 jackals
  2 quokkas (D:2)
  8 bats
  5 giant newts
  5 goblin zombies (Ossuary)
  A hobgoblin zombie (Ossuary)
  9 kobolds
  5 kobold zombies (Ossuary)
  5 quokka zombies (Ossuary)
  5 rats
  3 rat zombies (Ossuary)
116 creatures vanquished.

Vanquished Creatures (others)
  3 goblins (D:2)
  2 bats (D:2)
5 creatures vanquished.

Grand Total: 121 creatures vanquished

Notes
Turn   | Place    | Note
--------------------------------------------------------------
     0 | D:1      | luca467 the Demonspawn Gladiator began the quest for the Orb.
     0 | D:1      | Reached XP level 1. HP: 16/16 MP: 1/1
   185 | D:1      | Gained mutation: You have a pair of small antennae on your head. [demonic ancestry]
   185 | D:1      | Reached XP level 2. HP: 3/22 MP: 2/2
   885 | D:1      | Gained mutation: You are partially covered in sharp spines. [demonic ancestry]
   885 | D:1      | Reached XP level 3. HP: 19/28 MP: 3/3
  1092 | D:2      | Noticed Robin
  1092 | D:2      | Found a stormy altar of Qazlal.
  1281 | D:2      | Found a glowing golden altar of the Shining One.
  1281 | D:2      | Found a glowing silver altar of Zin.
  1281 | D:2      | Found a white marble altar of Elyvilon.
  1290 | D:2      | Killed Robin
  1753 | D:2      | Reached XP level 4. HP: 33/35 MP: 4/4
  2008 | D:3      | Reached XP level 5. HP: 42/42 MP: 5/5
  2149 | D:3      | Reached skill level 1 in Stealth
  2966 | D:4      | Noticed an ogre
  2977 | D:4      | Found a sand-covered staircase.
  2984 | Ossuary  | Entered an ossuary
  3253 | Ossuary  | Reached XP level 6. HP: 49/49 MP: 6/6
  3603 | Ossuary  | Reached skill level 5 in Fighting
  3611 | Ossuary  | Reached skill level 5 in Long Blades
  3782 | Ossuary  | Slain by a mummy

Skill      XL: |  1  2  3  4  5  6 |
---------------+-------------------+-----
Long Blades    | 3 4 5 |  5.0
Fighting       | 3 4 5 |  5.1
Stealth        | 1 |  1.8
Throwing       | |  1.7
Dodging        | |  2.6

Action                   |  1- 3 |  4- 6 || total
-------------------------+-------+-------++-------
Melee: Long sword        |    94 |   153 ||   247
  Use: Scroll            |       |     7 ||     7
 Stab: Sleeping          |       |     6 ||     6
  Eat: Chunk             |     2 |     3 ||     5
       Beef jerky        |       |     1 ||     1
       Meat ration       |       |     1 ||     1
Armor: Leather armour    |    22 |    28 ||    50
Dodge: Dodged            |    64 |    78 ||   142
